 Dungeon Crawl Stone Soup version 0.31.0-11-ge490571c62 (webtiles) character file.

Game seed: 10627573963920418340

169438 cdecastro the Metamorph (level 17, -10/172 HPs)
             Began as a Green Draconian Shapeshifter on Feb 2, 2024.
             Was an Initiate of Gozag.
             Mangled by a salamander
             ... wielding a +3 spear
              (15 damage)
             ... on level 4 of the Snake Pit on Feb 6, 2024.
             The game lasted 01:55:49 (48086 turns).

cdecastro the Metamorph (DrSh)                     Turns: 48086, Time: 01:55:49

Health: -10/172    AC: 22    Str: 23    XL:     17   Next: 35%
Magic:  0/17       EV: 17    Int: 11    God:    Gozag
Gold:   4720       SH:  0    Dex: 17    Spells: 1/16 levels left

rFire   . .          .
                       - Unarmed
rCold   . . .        (shield currently unavailable)
rNeg    . . .        (body armour unavailable)
rPois   +            (helmet currently unavailable)
rElec   .            (cloak currently unavailable)
rCorr   .            (gloves currently unavailable)
SInv    .            (boots currently unavailable)
Will    +....        U - amulet of guardian spirit
Stlth   ++           u - +4 ring of protection
HPRegen 0.48/turn    G - +4 ring of protection
MPRegen 0.15/turn

%: guardian spirit
@: snake-form, studying Shapeshifting
A: constrict, boosted hp, (breathe noxious fumes), AC +9, large, unfitting
armour, (stinger 1), (poison resistance), (cold-blooded)
a: Begin Untransformation, Renounce Religion, Potion Petition, Call Merchant,
Bribe Branch


You were on level 4 of the Snake Pit.
You worshipped Gozag.
Gozag was most pleased with you.
You were an enormous serpent.
You visited 5 branches of the dungeon, and saw 27 of its levels.
You also visited: Ice Cave.

You collected 8725 gold pieces.
You spent 2728 gold pieces at shops.
You paid 1277 gold pieces to Gozag.

Inventory:

Magical Staves
 q - the staff "Yheiv" {rN+ Dex+3 Stlth+ Necro}
   (You took it off a naga ritualist on level 2 of the Snake Pit)

   [staff of death]

   Base accuracy: +5 Base damage: 5 Base attack delay: 1.2 This weapon's minimum
   attack delay (0.6) is reached at skill level 12.
   Dex+3:     It affects your dexterity (+3).
   rN+:       It protects you from negative energy.
   Stlth+:    It makes you more stealthy.
   Necro:     It increases the power of your Necromancy spells.
   It falls into the 'Staves' category.
   It is a one-handed weapon.
Jewellery
 a - a ring of protection from fire
 f - a ring of wizardry
 u - a +4 ring of protection (left hand)
 y - a ring of see invisible
 G - a +4 ring of protection (right hand)
 J - a ring of positive energy
 L - a ring of ice
 U - an amulet of guardian spirit (around neck)
 V - a ring of flight
Talismans
 B - a serpent talisman (active)
Wands
 b - a wand of quicksilver (13)
 i - a wand of paralysis (21)
 s - a wand of digging (4)
 C - a wand of polymorph (19)
 H - a wand of flame (40)
 S - a wand of iceblast (4)
 Z - a wand of mindburst (8)
Scrolls
 e - 10 scrolls of teleportation
 k - 6 scrolls of immolation
 l - 4 scrolls of torment
 n - 2 scrolls of silence
 v - 4 scrolls of fear
 z - 4 scrolls of vulnerability
 A - 2 scrolls of butterflies
 F - 5 scrolls of fog
 R - 2 scrolls of poison
 Y - a scroll of revelation
Potions
 d - 3 potions of heal wounds
 g - 5 potions of might
 p - 5 potions of brilliance
 r - 13 potions of curing
 t - 3 potions of enlightenment
 w - 4 potions of berserk rage
 D - 2 potions of attraction
 E - a potion of invisibility
 M - a potion of resistance
 P - a potion of lignification
 Q - a potion of magic
 W - a potion of haste
 X - a potion of cancellation
Miscellaneous
 h - a phial of floods
 j - a box of beasts
 m - a phantom mirror
 o - a lightning rod (4/4)
 I - a tin of tremorstones (inert)


   Skills:
 - Level 11.3 Fighting
 - Level 12.4 Dodging
 - Level 11.5 Unarmed Combat
 * Level 13.6 Alchemy
 - Level 13.3 Evocations
 + Level 17.6 Shapeshifting


You had one spell level left.
You knew the following spells:

 Your Spells              Type           Power      Damage    Failure   Level
a - Olgreb's Toxic Radia  Alch           30%        N/A       1%          4
b - Irradiate             Conj/Alch      7%         3d14      52%         5
c - Eringya's Noxious Bo  Alch           15%        4d6       21%         6

Your spell library contained the following spells:

 Spells                   Type           Power      Damage    Failure   Level
 Sting                    Conj/Alch      60%        1d6       2%          1
 Apportation              Tloc           0%         N/A       34%         1
 Necrotise                Necr           0%         1d4       34%         1
 Sandblast                Erth           0%         2d4       34%         1
 Shock                    Conj/Air       0%         1d3       34%         1
 Slow                     Hex            0%         N/A       34%         1
 Summon Small Mammal      Summ           0%         N/A       34%         1
 Alistair's Intoxication  Alch           20%        N/A       3%          5
 Cigotuvi's Dreadful Rot  Necr/Alch/Air  20%        N/A       9%          2
 Momentum Strike          Conj/Tloc      0%         3d8       47%         2
 Confusing Touch          Hex            0%         N/A       71%         3
 Dazzling Flash           Conj/Hex       0%         N/A       71%         3
 Fugue of the Fallen      Necr           0%         N/A       71%         3
 Ozocubu's Armour         Ice            0%         N/A       71%         3
 Passwall                 Erth           0%         N/A       71%         3
 Sigil of Binding         Hex            0%         N/A       71%         3
 Stone Arrow              Conj/Erth      0%         3d7       71%         3
 Swiftness                Air            0%         N/A       71%         3
 Vampiric Draining        Necr           0%         2d6       71%         3
 Volatile Blastmotes      Fire/Tloc      0%         2d10      71%         3
 Airstrike                Air            0%         2d(0-16)  98%         4
 Brom's Barrelling Bould  Conj/Erth      0%         2d3       98%         4
 Dispel Undead            Necr           0%         3d6       98%         4
 Manifold Assault         Tloc           0%         N/A       98%         4
 Martyr's Knell           Necr/Summ      0%         N/A       98%         4
 Summon Lightning Spire   Summ/Air       0%         N/A       98%         4
 Vhi's Electric Charge    Tloc/Air       0%         N/A       98%         4
 Sculpt Simulacrum        Ice/Alch       7%         N/A       98%         6
 Arcjolt                  Conj/Air       0%         1d10      100%        5
 Borgnjor's Vile Clutch   Necr/Erth      0%         N/A       100%        5
 Iskenderun's Battlesphe  Conj           0%         2d6       100%        5
 Bombard                  Conj/Erth      0%         9d1       100%        6
 Death Channel            Necr           0%         N/A       100%        6
 Starburst                Conj/Fire      0%         6d3       100%        6
 Ozocubu's Refrigeration  Ice            0%         4d7       100%        7
 Spellforged Servitor     Conj/Summ      0%         N/A       100%        7
 Discord                  Hex            0%         N/A       100%        8
 Lehudib's Crystal Spear  Conj/Erth      0%         10d2      100%        8
 Maxwell's Capacitive Co  Air            0%         ∞         100%        8
 Polar Vortex             Ice            0%         N/A       100%        9


Dungeon Overview and Level Annotations

Branches:
Dungeon (15/15)            Temple (1/1) D:5            Lair (5/5) D:8
  Swamp (0/4) Lair:2        Snake (4/4) Lair:3        Slime (0/5) Lair:5
    Orc (2/2) D:10            Elf (0/3) Orc:2        Vaults (0/5) D:14
 Depths (0/4) D:15          IceCv (visited)

Altars:
Ashenzari
Cheibriados
Dithmenos
Elyvilon
Fedhas
Gozag
Hepliaklqana
Kikubaaqudgha
Makhleb
Nemelex Xobeh
Okawaru
Qazlal
Ru
Sif Muna
Trog
Uskayaw
Vehumet
Wu Jian
Xom
Yredelemnul
Zin
The Shining One

Shops:
D:2 *   D:4 =   D:6 !   D:8 :   D:9 :   Orc:2 [[(*   Snake:3 [

Annotations:
D:3 2 runed translucent doors, boopmooplesden's ghost, amateur AtFi
D:6 2 transporters, ggggg's ghost, novice MiFi
D:7 1 runed translucent door, Crazy Yiuf; Maggie
Lair:4 exclusion: oklob plant
Snake:3 1 runed translucent door, Danswan24's ghost, adept MiMo


Innate Abilities, Weirdness & Mutations

You are an enormous serpent.
You have a powerful constriction melee attack.
Your maximum health is increased.
Your armour is entirely melded.
You are incapable of wielding weapons or throwing items.
((You can breathe blasts of noxious fumes.))
((Your lurid green scales are hard. (AC +9)))
You cannot fit into any form of body armour.
((Your tail ends in a venomous barb.))
((Your system is resistant to poisons. (rPois)))
((You are cold-blooded and may be slowed by cold attacks.))


Message History

You feel very sick.
The naga warrior roars a battlecry!
The salamander goes into a battle-frenzy!
The salamander hits you from afar with a +3 spear.
* * * LOW HITPOINT WARNING * * *
You are engulfed in flames!
* * * LOW HITPOINT WARNING * * *
The salamander closely misses you.
Unknown command.
You feel very sick.
The naga is no longer distracted by gold.
The naga hits you but does no damage. The naga misses you.
Unknown command.
You feel very sick. The naga attacks as it pursues you!
The naga completely misses you. The naga grabs you. The naga constricts you.
The salamander hits you but does no damage.
Unknown command.
You escape the naga's grasp.
You feel sick.
The naga warrior roars a battlecry!
The naga goes into a battle-frenzy!
Unknown command.
You feel yourself speed up.
You feel sick.
Unknown command.
You feel sick. The naga spits poison at you. The splash of poison hits you.
You resist.
* * * LOW HITPOINT WARNING * * *
You feel sick.
You feel sick.
You are no longer poisoned.
The salamander attacks as it pursues you!
The salamander misses you.
The salamander attacks as it pursues you!
The salamander hits you from afar with a +3 spear!!
* * * LOW HITPOINT WARNING * * *
You are engulfed in flames!
You die...
Your body crumbles into a pile of gold.

#..## #N.# ...........
#...# #..# #.....[.....
#...# #N.# #...........
#...# #..# #...........
#...# #..# #...........
#...# #..# #...........
#...# #N.# #...........
#...# ##..# #...........
#...# #S.## #...........
##..## #..# ###........)#
#!..# #..###...........#
#.NN# #..##.....).....##
#.|.####.........).......
#...##...................
##..#..........##########
#............##
#.<.........##


You could see a salamander (strong) and a naga (strong).

Vanquished Creatures
  Vashnia (Snake:2)
  Louise (D:15)
  An orc warlord (Orc:2)
  A stone giant (D:15)
  Snorg (Lair:4)
  An ettin (Orc:2)
  8 hydras
  4 vault guards (D:14)
  5 salamander tyrants
  7 anacondas
  Erica (D:8)
  5 centaur warriors
  A death knight (D:15)
  3 catoblepae
  5 two-headed ogres
  2 boulder beetles (D:13)
  24 death yaks
  A deep troll shaman (Lair:5)
  2 tengu warriors (D:15)
  15 naga warriors
  17 naga sharpshooters
  5 shock serpents
  An orc high priest (Orc:2)
  Urug (D:10)
  A salamander mystic (Snake:2)
  2 skysharks
  4 skeletal warriors (D:14)
  A sea snake (Snake:1)
  9 naga ritualists
  11 mana vipers
  2 bog bodies
  A necromancer (IceCv)
  2 deep elf pyromancers (D:15)
  2 orc knights
  An orc sorcerer (Orc:2)
  17 salamanders
  6 cyclopes
  4 manticores
  5 ugly things
  3 kobold blastminers (Orc:2)
  20 naga magi
  46 black mambas
  3 guardian serpents
  4 elephants (Lair:5)
  Joseph (D:7)
  3 ice statues
  3 torpor snails
  13 cane toads
  Jeremiah (D:7)
  A yaktaur (shapeshifter) (D:13)
  A kobold demonologist (D:12)
  2 rime drakes (Lair:4)
  2 tengu conjurers (D:15)
  2 freezing wraiths (D:15)
  A komodo dragon (shapeshifter) (D:15)
  12 komodo dragons
  8 ice devils
  8 trolls
  A hornet (D:5)
  6 polar bears
  A raiju (shapeshifter) (D:14)
  14 blink frogs
  14 dream sheep
  2 slime creatures (D:12)
  4 wyverns
  4 dire elephant simulacra (IceCv)
  2 shadows
  3 wraiths
  2 vampires (D:12)
  50 yaks
  6 vampire mosquitoes
  4 basilisks
  2 wargs
  2 steam dragons
  5 harpy simulacra
  35 nagas
  An acid dragon (D:14)
  Duvessa (D:7)
  15 water moccasins
  2 hydra simulacra (IceCv)
  6 black bears
  A swamp drake (Lair:2)
  25 orc warriors
  An ice beast (D:7)
  2 sky beasts (D:6)
  A boggart (D:14)
  3 ogres (Orc:2)
  10 wolves
  10 centaurs
  3 phantoms
  3 kobold brigands
  15 bullfrogs
  4 gnoll sergeants
  3 scorpions
  2 cane toad simulacra
  3 wights (D:8)
  A hornet simulacrum (D:14)
  Dowan (D:7)
  2 elephant simulacra
  4 electric eels
  6 howler monkeys
  2 centaur zombies (D:9)
  A crimson imp (D:5)
  2 jellies (Lair:5)
  14 orc priests
  2 hounds
  A sleepcap (D:5)
  Jessica (D:2)
  6 iguanas
  12 orc wizards
  7 hell rats (Lair:5)
  A spriggan simulacrum (Lair:3)
  2 troll simulacra
  A wolf simulacrum (Lair:3)
  23 gnolls
  9 adders
  A naga simulacrum (IceCv)
  A shadow imp (D:7)
  A white imp (D:6)
  6 ufetubi
  5 dart slugs
  A ribbon worm (D:3)
  77 orcs
  4 ball pythons
  14 endoplasms
  3 giant cockroaches
  7 goblins
  6 hobgoblins
  7 jackals
  6 quokkas
  4 bats
  6 frilled lizards
  38 kobolds
  8 rats
876 creatures vanquished.

Vanquished Creatures (others)
  A human (D:3)
1 creature vanquished.

Grand Total: 877 creatures vanquished

Notes
Turn   | Place    | Note
-------+----------+-------------------------------------------
     0 | D:1      | cdecastro the Draconian Shapeshifter began the quest for
                  | the Orb.
     0 | D:1      | Reached XP level 1. HP: 16/16 MP: 1/1
   299 | D:1      | Reached XP level 2. HP: 20/23 MP: 2/2
   630 | D:1      | Reached XP level 3. HP: 21/28 MP: 3/3
   737 | D:1      | Found a faded altar of an unknown god.
  1341 | D:2      | Reached XP level 4. HP: 33/35 MP: 4/4
  1559 | D:2      | Found Esegob's General Store.
  1568 | D:2      | Bought a scroll of teleportation for 30 gold pieces
  1698 | D:2      | Noticed Jessica
  1702 | D:2      | Killed Jessica
  2000 | D:3      | Reached skill level 5 in Unarmed Combat
  2000 | D:3      | Reached skill level 4 in Shapeshifting
  2000 | D:3      | Reached XP level 5. HP: 33/39 MP: 5/5
  2158 | D:3      | Found an ancient bone altar of Kikubaaqudgha.
  2167 | D:3      | Noticed a human
  2171 | D:3      | Killed a human
  2269 | D:3      | Found a large runed translucent door.
  2270 | D:3      | Found a large runed translucent door.
  2305 | D:3      | Found a glowing golden altar of the Shining One.
  2453 | D:3      | Found a white marble altar of Elyvilon.
  2587 | D:3      | Noticed boopmooplesden's ghost (amateur AtFi)
  2680 | D:4      | Found Vomyff's Gadget Gallery.
  2680 | D:4      | Noticed a phantom
  2892 | D:4      | Killed a phantom
  2893 | D:4      | Reached XP level 6. HP: 42/47 MP: 6/6
  3256 | D:4      | Found Totuxia's Jewellery Shop.
  3270 | D:5      | Entered Level 5 of the Dungeon
  3301 | D:5      | Found a staircase to the Ecumenical Temple.
  3331 | D:5      | Your scales start taking on a lurid green colour.
  3331 | D:5      | Reached XP level 7. HP: 43/52 MP: 7/7
  3331 | D:5      | Gained mutation: Your system is resistant to poisons.
                  | (rPois) [Green Draconian growth]
  3403 | Temple   | Entered the Ecumenical Temple
  3443 | D:5      | Reached skill level 5 in Shapeshifting
  3519 | D:5      | Found a shimmering altar of Xom.
  3519 | D:5      | Found a burning altar of Makhleb.
  3598 | D:5      | Found a bloodstained altar of Trog.
  3617 | D:5      | Noticed a hornet
  3635 | D:5      | Killed a hornet
  3981 | D:5      | Found an iron altar of Okawaru.
  4000 | D:5      | Reached XP level 8. HP: 37/59 MP: 8/8
  4254 | D:6      | Noticed a troll
  4343 | D:6      | Found a shimmering blue altar of Sif Muna.
  4368 | D:6      | Killed a troll
  4369 | D:6      | Reached skill level 6 in Shapeshifting
  4588 | D:6      | Noticed ggggg's ghost (novice MiFi)
  4589 | D:6      | Found a transporter.
  4638 | D:6      | Found a transporter.
  4656 | D:6      | Found Fucilokk's Distillery.
  4680 | D:6      | Bought a potion of curing for 36 gold pieces
  4680 | D:6      | Bought a potion of attraction for 36 gold pieces
  4680 | D:6      | Bought a potion of might for 48 gold pieces
  5040 | D:6      | Reached skill level 10 in Unarmed Combat
  5200 | D:7      | Noticed Duvessa
  5200 | D:7      | Noticed Dowan
  5249 | D:7      | Reached skill level 7 in Shapeshifting
  5249 | D:7      | Reached XP level 9. HP: 49/64 MP: 9/9
  5329 | D:7      | Found a snail-covered altar of Cheibriados.
  5394 | D:7      | Noticed Jeremiah
  5444 | D:7      | Killed Jeremiah
  5587 | D:7      | Noticed Joseph
  5608 | D:7      | Killed Joseph
  5837 | D:7      | Killed Duvessa
  5841 | D:7      | Killed Dowan
  5916 | D:7      | Found a runed translucent door.
  5916 | D:7      | Noticed Maggie
  5917 | D:7      | Noticed Crazy Yiuf
  6176 | D:7      | Paralysed by a kobold for 4 turns
  6421 | D:8      | Found Temalo's Book Shoppe.
  6451 | D:8      | Reached skill level 8 in Shapeshifting
  6522 | D:8      | Found a broken altar of Ashenzari.
  6685 | D:8      | Noticed a two-headed ogre
  6753 | D:8      | Noticed Erica
  6762 | D:8      | Killed Erica
  6763 | D:8      | Reached skill level 5 in Fighting
  6763 | D:8      | Reached XP level 10. HP: 34/81 MP: 10/10
  6986 | D:8      | Found a staircase to the Lair.
  6995 | D:8      | Noticed a two-headed ogre
  7043 | D:8      | Killed a two-headed ogre
  7255 | D:8      | Killed a two-headed ogre
  7256 | D:8      | Reached skill level 9 in Shapeshifting
  7613 | D:8      | Identified the +9 scale mail of Spite {Str+3 Int+4}
  8137 | D:9      | Noticed a two-headed ogre
  8378 | D:9      | Killed a two-headed ogre
  8661 | D:9      | Found a hazy altar of Hepliaklqana.
  8700 | D:9      | Reached XP level 11. HP: 95/97 MP: 11/11
  8925 | D:9      | Found Xyugouch's Book Shoppe.
  9040 | D:9      | Found a basalt altar of Yredelemnul.
  9362 | D:10     | Entered Level 10 of the Dungeon
  9382 | D:10     | Found a shadowy altar of Dithmenos.
  9653 | D:10     | Found a staircase to the Orcish Mines.
  9780 | D:10     | Found a sacrificial altar of Ru.
  9891 | D:10     | Found an opulent altar of Gozag.
  9896 | D:10     | Became a worshipper of Gozag Ym Sagoz the Greedy
 10365 | D:11     | Reached skill level 10 in Fighting
 10365 | D:11     | Reached skill level 10 in Shapeshifting
 11227 | D:12     | Noticed a cyan ugly thing
 11252 | D:12     | Killed a brown ugly thing
 11449 | D:12     | Got Tihummou's Incunable of Damaging Inhalation
 12202 | D:12     | Noticed a red ugly thing
 12221 | D:12     | Killed a white ugly thing
 12287 | D:12     | Found a sparkling altar of Nemelex Xobeh.
 12759 | D:13     | Found a frozen archway.
 12768 | IceCv    | Entered an ice cave
 13778 | IceCv    | Reached skill level 11 in Shapeshifting
 13907 | IceCv    | Reached skill level 5 in Dodging
 13907 | IceCv    | Reached XP level 12. HP: 87/110 MP: 12/12
 14172 | IceCv    | HP: 2/105 [necromancer/bolt of negative energy (29)]
 14761 | IceCv    | HP: 2/110 [dire elephant simulacrum (19)]
 15181 | D:13     | Noticed a boulder beetle
 15195 | D:13     | Killed a boulder beetle
 15247 | D:13     | Noticed a centaur warrior
 15262 | D:13     | Killed a centaur warrior
 15540 | D:13     | Noticed a two-headed ogre
 15563 | D:13     | Killed a two-headed ogre
 16017 | D:13     | Noticed a boulder beetle
 16035 | D:13     | Killed a boulder beetle
 16086 | D:13     | Noticed a two-headed ogre
 16305 | D:13     | Killed a two-headed ogre
 16306 | D:13     | Reached skill level 12 in Shapeshifting
 16752 | D:6      | Bought a potion of haste for 120 gold pieces
 16752 | D:6      | Bought a potion of cancellation for 96 gold pieces
 16752 | D:6      | Bought a potion of brilliance for 48 gold pieces
 16752 | D:6      | Bought a potion of degeneration for 12 gold pieces
 16920 | D:2      | Bought a scroll of amnesia for 40 gold pieces
 16920 | D:2      | Bought a scroll of revelation for 75 gold pieces
 16930 | D:2      | Identified a scroll of acquirement
 17103 | Lair:1   | Entered Level 1 of the Lair of Beasts
 17555 | Lair:1   | Noticed a death yak
 17578 | Lair:1   | Noticed a death yak
 17578 | Lair:1   | Noticed a death yak
 17579 | Lair:1   | Noticed a death yak
 17580 | Lair:1   | Noticed a death yak
 17580 | Lair:1   | Noticed a death yak
 17588 | Lair:1   | Killed a death yak
 17590 | Lair:1   | Killed a death yak
 17593 | Lair:1   | Killed a death yak
 17594 | Lair:1   | Reached XP level 13. HP: 107/116 MP: 13/13
 17705 | Lair:1   | Reached skill level 10 in Dodging
 18568 | Lair:2   | Found a staircase to the Swamp.
 19115 | Lair:2   | Reached skill level 13 in Shapeshifting
 19141 | Lair:2   | Got the Catalogue of the Apothecary
 20473 | Lair:3   | Got the Vellum of the Cwm
 20861 | Lair:3   | Found a staircase to the Snake Pit.
 23095 | D:14     | Reached skill level 1 in Alchemy
 23095 | D:14     | Gained mutation: Your tail ends in a venomous barb. [Green
                  | Draconian growth]
 23095 | D:14     | Reached XP level 14. HP: 124/124 MP: 14/14
 23548 | D:14     | Learned a level 4 spell: Olgreb's Toxic Radiance
 23554 | D:14     | Learned a level 5 spell: Irradiate
 23658 | D:8      | Bought Great Wizards, Vol. II for 380 gold pieces
 24053 | D:13     | Reached skill level 5 in Alchemy
 24435 | D:14     | Reached skill level 14 in Shapeshifting
 24466 | D:14     | Found a gate to the Vaults.
 24939 | D:15     | Entered Level 15 of the Dungeon
 25385 | D:15     | Found a staircase to the Depths.
 25385 | D:15     | Noticed a stone giant
 25393 | D:15     | Killed a stone giant
 26015 | D:15     | Noticed Louise
 26029 | D:15     | Killed Louise
 26998 | Lair:4   | Reached skill level 10 in Alchemy
 27497 | Lair:4   | Noticed Snorg
 27515 | Lair:4   | Killed Snorg
 28088 | Lair:5   | Entered Level 5 of the Lair of Beasts
 28215 | Lair:5   | Found a staircase to the Slime Pits.
 28766 | Lair:5   | Reached skill level 1 in Evocations
 28766 | Lair:5   | Reached XP level 15. HP: 126/130 MP: 15/15
 29470 | Lair:5   | Reached skill level 15 in Shapeshifting
 29496 | Lair:5   | Reached skill level 5 in Evocations
 31142 | Orc:1    | Entered Level 1 of the Orcish Mines
 31203 | Orc:1    | Noticed Urug
 31237 | D:10     | Killed Urug
 31366 | Orc:2    | Entered Level 2 of the Orcish Mines
 32233 | Orc:2    | Found Hooveip's Assorted Antiques.
 32280 | Orc:2    | Bought a marble ring for 105 gold pieces
 32819 | Orc:2    | Found Doeleasi's Antique Armour Boutique.
 33146 | Orc:2    | Found a staircase to the Elven Halls.
 33195 | Orc:2    | Found Petz's Antique Weapon Shop.
 33206 | Orc:2    | Bought a pair of runed gloves for 247 gold pieces
 33206 | Orc:2    | Bought a glowing hat for 231 gold pieces
 33459 | Orc:2    | Found Jajozauf's Armour Emporium.
 33754 | D:4      | Bought a phial of floods for 400 gold pieces
 33754 | D:4      | Bought a box of beasts for 400 gold pieces
 33754 | D:4      | Bought a tin of tremorstones (2/2) for 400 gold pieces
 33754 | D:4      | Bought a wand of iceblast (1) for 24 gold pieces
 34287 | Snake:1  | Entered Level 1 of the Snake Pit
 35391 | Snake:1  | Reached XP level 16. HP: 106/137 MP: 13/16
 35397 | Snake:1  | Reached skill level 16 in Shapeshifting
 35468 | Snake:1  | Reached skill level 10 in Evocations
 37069 | Snake:2  | Found a hazy altar of Hepliaklqana.
 37941 | Snake:2  | Identified the +7 trident of Edyulek {flame, rCorr}
 38207 | Snake:2  | You fall into a shaft and drop 1 floor!
 38506 | Snake:3  | HP: 2/164 [salamander/+4 glaive of flaming (7)]
 39115 | Snake:2  | Identified the +4 dire flail "Afamoj" {holy, Dex+6}
 39910 | Snake:2  | Identified the staff "Yheiv" {rN+ Dex+3 Stlth+ Necro}
 42204 | Snake:3  | Found a runed translucent door.
 42209 | Snake:3  | Noticed Danswan24's ghost (adept MiMo)
 42740 | Snake:3  | Noticed Vashnia
 42785 | Snake:2  | Learned a level 6 spell: Eringya's Noxious Bog
 43371 | Snake:2  | Killed Vashnia
 43489 | Snake:3  | Reached skill level 17 in Shapeshifting
 43966 | Snake:3  | Found Boigyok's Armour Shoppe.
 44152 | Snake:4  | Entered Level 4 of the Snake Pit
 44159 | Snake:3  | Reached XP level 17. HP: 144/144 MP: 13/17
 46373 | D:15     | Acquired a manual of Shapeshifting
 48086 | Snake:4  | HP: 5/172 [salamander/+3 spear (17)]
 48086 | Snake:4  | Mangled by a salamander

Illustrated notes

Levels and vault maps discovered:
D:1:      dpeg_arrival_snail, layout_basic,
          hellmonk_ecumenical_altar_leap_of_faith, hex_large, roderic_lattice_a
D:2:      layout_loops_ring, serial_shops, nicolae_shop_waterfront, uniq_jessica
D:3:      layout_basic, tgw_kikubaaqudgha, lemuel_round_altar,
          mainiacjoe_overflow_small_starburst, ebering_ghost_disaster_area,
          kennysheep_generic_room_15
D:4:      layout_basic, serial_shops, nicolae_shop_behind_doors,
          nicolae_shop_gadgets
D:5:      layout_basic, grunt_temple_overflow_champion_of_chaos,
          lemuel_tele_altar, mainiacjoe_overflow_paths,
          minmay_temple_entry_mini_moons
D:6:      layout_gridville, mainiacjoe_overflow_alcove_4, serial_shops, shop,
          gammafunk_ghost_arena, nicolae_the_louvre
D:7:      layout_gridville, mainiacjoe_overflow_boulevard,
          uniq_crazy_yiuf_cottage, uniq_duvessa, uniq_maggie, uniq_joseph,
          uniq_jeremiah
D:8:      layout_gridville, ashenzari_altar_1, due_lair_maze_entry_diamond,
          serial_shops, nicolae_shop_crystal, nicolae_sextant, uniq_erica
D:9:      layout_layer_cave, lemuel_zombie_altar_yredelemnul,
          nicolae_overflow_crystal_walls, serial_shops,
          nicolae_shop_gibbet_a_chance, minmay_misc_feat_cross,
          kennysheep_generic_room_10
D:10:     layout_basic, nicolae_dithmenos_through_a_glass_darkly,
          nicolae_gozag_cash_rules_everything_around_me,
          nicolae_ru_sacrificial_ziggurat
D:11:     layout_stronghold, chequers_avenue
D:12:     layout_basic, nemelex_diamond_rough_becter
D:13:     layout_irregular_city, portal_ice_cave_entry_pillars_1,
          minmay_unpleasant_kobolds
D:14:     layout_cave_pools, lightli_vaults_fourway_checkpoint,
          kennysheep_cross_room, fungi_pond_lemuel
D:15:     grunt_enter_depths_snipers, layout_basic, minivault_19, uniq_louise
Temple:   nicolae_temple_bog_church
Lair:1:   layout_roguey, serial_forest, infiniplex_forest_lined_room_,
          infiniplex_forest_lined_2, infiniplex_forest_straight_4,
          infiniplex_forest_lined_4_way, infiniplex_forest_clump_curved,
          infiniplex_forest_straight_5, infiniplex_forest_clump_C,
          infiniplex_forest_lined_3, infiniplex_forest_end_1
Lair:2:   layout_cave_pods, minmay_swamp_entry_reptiles,
          chequers_serial_rivers_micro_d
Lair:3:   dreamdust_isle_of_ice, layout_layer_cave, guppyfry_snake_entry_garden,
          beast_lair_carwin_8
Lair:4:   minmay_lair_oklob_tunnel, layout_regular_city, uniq_snorg
Lair:5:   grunt_lair_end_beastmaster, layout_loops_ring,
          nicolae_slime_entry_slimehenge, minivault_23
Snake:1:  layout_rooms, serial_curves, eino_curves_02, eino_curves_04,
          serial_library_hellmonk_room_a, serial_bayou_ford_a,
          grunt_megastairs_4
Snake:2:  nicolae_snake_crotalidae_crossing, layout_onion, basic_altar,
          library_closet, grunt_ministairs_10, nicolae_snake_magic_snake_eye
Snake:3:  layout_misc_corridors, ebering_ghost_inner_flame, serial_shops,
          shop_fountains, uniq_vashnia
Snake:4:  hellmonk_snake_rune_quicksilver_temple, layout_onion,
          grunt_ministairs_1
Orc:1:    layout_caves, mines2_lemuel, uniq_gastronok, uniq_urug, uniq_erolcha
Orc:2:    grunt_orc_community_town_hall, layout_diamond_mine,
          grunt_orc_community_big_house_2, grunt_orc_community_big_house_1,
          grunt_orc_community_house_1, grunt_orc_community_house_1,
          grunt_orc_community_house_3, grunt_orc_community_house_3,
          grunt_orc_community_house_2, grunt_orc_community_house_1

Skill      XL: |  1  2  3  4  5  6  7  8  9 10 11 12 13 14 15 16 17 |
---------------+----------------------------------------------------+-----
Unarmed Combat | 4 5 6 8 10 11 | 11.5
Shapeshifting  | 4 5 7 8 9 11 12 13 14 15 17 | 17.6
Fighting       | 5 9 11 | 11.3
Dodging        | 5 9 12 | 12.4
Alchemy        | 1 11 13 | 13.6
Evocations     | 1 9 13 | 13.3

Action                     |  1- 3 |  4- 6 |  7- 9 | 10-12 | 13-15 | 16-18 || total
---------------------------+-------+-------+-------+-------+-------+-------++-------
  Melee: Unarmed           |    95 |   140 |   232 |   778 |  1495 |   704 ||  3444
         Tailslap          |     9 |    11 |    41 |   164 |   278 |       ||   503
         Punch             |     1 |     8 |    18 |     1 |       |       ||    28
         Constrict         |       |       |       |       |    60 |   154 ||   214
   Cast: Olgreb's Toxic Ra |       |       |       |       |    37 |     7 ||    44
 Invoke: Potion Petition   |       |       |       |     1 |       |     1 ||     2
Ability: Breathe Noxious F |       |       |     8 |    13 |     6 |       ||    27
  Evoke: Wand              |       |       |     5 |    14 |     2 |     3 ||    24
         Tin of tremorston |       |       |       |       |     2 |     2 ||     4
         Phial of floods   |       |       |       |       |       |     1 ||     1
    Use: Potion            |       |     1 |       |       |     1 |     6 ||     8
         Scroll            |       |       |       |    17 |     5 |     4 ||    26
   Stab: Confused          |       |       |     9 |    13 |     6 |       ||    28
         Paralysed         |       |       |     6 |     3 |       |       ||     9
         Distracted        |       |       |       |     2 |     6 |     3 ||    11
         Petrifying        |       |       |       |       |     1 |       ||     1
         Invisible         |       |       |       |       |       |     1 ||     1
 Armour: Skin              |    38 |   124 |   214 |   418 |   739 |   553 ||  2086
  Dodge: Dodged            |    48 |   102 |   187 |   566 |  1316 |   515 ||  2734
   Form: Flux              |       |       |     1 |       |       |       ||     1
         Serpent           |       |       |       |       |     2 |       ||     2
         Maw               |       |       |       |       |     1 |       ||     1
